AoeStats
← rafa

Arabia

510206408Analyzed
2v2 RM · 2d ago on Sep 29, 2026· 52m 42s· 4 players
Game mode
Random Map
Map size
Medium (4 player)
Population
200
Speed
Normal
Resources
Standard
Victory
Conquest
Starting age
Dark Age
Ending age
Imperial Age
RankedLock teamsTeams togetherTeam positionsShared explorationLock speedFull tech treeHidden civsTurbo modeCheats
Victory
Defeat
🇦🇷 Cumans · Argentina
1103
+15
🇦🇷 Spanish · Argentina
1077
+16
🇺🇸 Teutons · United States
1103
-16
🇦🇷 Shu · Argentina
1063
-15
eltetedehaedo
8:08 Loom
10:41 Feudal Age
20:29 Castle Age
19:03 Double-Bit Axe
26:07 Scale Barding Armor
26:17 Bloodlines
27:36 Chain Barding Armor
27:40 Gold Mining
28:36 Forging
32:27 Horse Collar
36:31 Wheelbarrow
37:02 Iron Casting
36:47 Town Watch
38:42 Fletching
39:36 Husbandry
47:24 Hand Cart
52:44 Imperial Age
50:12 Stone Mining
50:39 Bow Saw
50:35 Heavy Plow
rafa
6:52 Loom
9:03 Feudal Age
10:46 Double-Bit Axe
14:12 Horse Collar
18:32 Wheelbarrow
22:16 Castle Age
20:44 Bloodlines
20:57 Forging
23:29 Scale Barding Armor
25:04 Chain Barding Armor
27:33 Iron Casting
33:01 Imperial Age
34:10 Gold Mining
34:56 Fletching
36:14 Conscription
36:01 Bodkin Arrow
35:39 Light Cavalry
38:42 Elite Steppe Lancer
44:31 Plate Barding Armor
44:51 Onager
48:20 Chemistry
50:35 Blast Furnace
50:31 Hussar
52:33 Town Watch
Yudgers555
0:35 Loom
12:08 Feudal Age
12:39 Double-Bit Axe
16:32 Wheelbarrow
22:23 Castle Age
20:37 Scale Mail Armor
20:44 Gold Mining
21:42 Stone Mining
21:37 Horse Collar
23:38 Bow Saw
24:07 Stone Shaft Mining
23:44 Heavy Plow
23:23 Pikeman
24:07 Squires
24:45 Gambesons
25:53 Pikeman
26:48 Town Watch
37:24 Imperial Age
36:55 Chain Mail Armor
BJ
2:55 Loom
11:02 Feudal Age
12:19 Double-Bit Axe
21:28 Castle Age
19:52 Horse Collar
20:51 Wheelbarrow
20:49 Fletching
21:02 Padded Archer Armor
21:12 Gold Mining
22:43 Crossbowman
27:51 Ballistics
29:00 Squires
30:06 Thumb Ring
30:47 Gold Shaft Mining
30:47 Murder Holes
32:22 Bodkin Arrow
32:42 Leather Archer Armor
34:36 Bow Saw
40:28 Imperial Age
38:59 Elite Skirmisher
40:31 Arbalester
42:47 Bracer
Connection lost

Rejoining the realm…

Still unreachable

The connection could not be restored.

Session expired

The server has moved on; the page needs a fresh start.